 Dungeon Crawl Stone Soup version 0.29.1 (webtiles) character file.

Game seed: 1901713737104644705

7144 qw the Cleaver (level 11, -12/71 HPs)
             Began as a Gargoyle Fighter on Sept 13, 2022.
             Mangled by a death yak (15 damage)
             ... on level 10 of the Dungeon.
             The game lasted 00:03:46 (9899 turns).

qw the Cleaver (Gargoyle Fighter)                   Turns: 9899, Time: 00:03:47

Health: -12/71     AC: 29    Str: 24    XL:     11   Next: 10%
Magic:  11/11      EV: 11    Int:  9    God:
Gold:   499        SH:  4    Dex:  9    Spells: 10/10 levels left

rFire   . . .      SeeInvis .   Y - +5 war axe
rCold   . . .      Faith    .   c - +0 buckler
rNeg    + . .      Spirit   .   q - +0 plate armour
rPois   inf        Reflect  .   f - +0 helmet
rElec   +          Harm     .   (no cloak)
rCorr   .          Rampage  .   a - +1 pair of gloves
Will    .....                   (no boots)
Stlth   ..........              (no amulet)
HPRegen 0.21/turn               t - +4 ring of evasion
MPRegen 0.12/turn               l - +4 ring of protection

@: about to teleport
A: sickness immunity, AC +8, negative energy resistance 1, electricity
resistance, torment resistance 1, petrification resistance
a: no special abilities


You were on level 10 of the Dungeon.
You visited 1 branch of the dungeon, and saw 10 of its levels.

You collected 541 gold pieces.
You spent 42 gold pieces at shops.


Innate Abilities, Weirdness & Mutations

You are immune to sickness and miasma.
Your stone body is resilient. (AC +8)
You are immune to poison.
You resist negative energy. (rN+)
You are resistant to electric shocks. (rElec)
You are resistant to unholy torment.
You are immune to petrification.


   Skills:
 - Level 9.1 Fighting
 + Level 11.5 Axes
 - Level 1.1 Throwing
 - Level 8.2 Armour
 - Level 1.7 Dodging
 - Level 5.0 Shields


You had 10 spell levels left.
You didn't know any spells.
Your spell library was empty.

Inventory:

Hand Weapons
 i - a +0 flail
 Y - a +5 war axe (weapon)
Missiles
 j - a boomerang (quivered)
Armour
 a - a +1 pair of gloves (worn)
 c - a +0 buckler (worn)
 f - a +0 helmet (worn)
 q - a +0 plate armour (worn)
Jewellery
 l - a +4 ring of protection (right hand)
 r - a ring of resist corrosion
 t - a +4 ring of evasion (left hand)
Scrolls
 n - 2 scrolls of teleportation
 p - a scroll of identify
Potions
 b - a potion of lignification
 d - a potion of might
 e - 2 potions of mutation
 g - 6 potions of attraction
 h - a potion of resistance
 k - 2 potions of haste
 o - 3 potions of curing

Dungeon Overview and Level Annotations

Branches:
Dungeon (10/15)            Temple (0/1) D:6            Lair (0/5) D:10
    Orc: D:9-12

Altars:
Ashenzari
Dithmenos
Gozag
Kikubaaqudgha
Nemelex Xobeh
Sif Muna
Trog
Uskayaw
Vehumet
Xom
Zin
The Shining One

Shops:
D:1 *

Annotations:
D:3 2 transporters, qw's ghost, amateur GrFi


Message History

The death yak gores you.
You barely miss the death yak.
The death yak is severely wounded.
You hit the death yak but do no damage. x2
You completely miss the two-headed ogre.
The two-headed ogre closely misses you.
The two-headed ogre hits you with a +0 giant club!
The death yak gores you but does no damage. x2
The death yak barely misses you.
You slash the death yak!
The death yak is severely wounded.
You hit the death yak but do no damage. You slash the death yak!
You hit the two-headed ogre. The death yak closely misses you.
The death yak gores you!
The two-headed ogre hits you with a +0 giant spiked club.
The two-headed ogre completely misses you.
The death yak gores you.
You slash the death yak!
The death yak is almost dead.
You hit the death yak. You hit the death yak but do no damage.
You slash the two-headed ogre!
The death yak gores you but does no damage.
The death yak gores you!
The death yak gores you but does no damage.
You slash the death yak!
You kill the death yak!
You hit the death yak but do no damage. You hit the two-headed ogre.
You hit the death yak but do no damage.
The howler monkey hoots and howls with incredible vigour!
The two-headed ogre hits you with a +0 giant spiked club!
The two-headed ogre hits you with a +0 giant club.
The death yak gores you.
The death yak gores you but does no damage.
You hear a shout!
9899 ||| READING 3 scrolls of teleportation.
As you read the scroll of teleportation, it crumbles to dust.
You feel strangely unstable.
The death yak gores you but does no damage.
The death yak gores you!
You die...

.... ..# ..# #
...# >.#.... ..
..0 ..#..R. #. #
#.R#......0
).#..#..........
#...h.........#
#.####h##
#..<$OYY#
##.####@Y#
###..####..#
(..........#
####.##.##.#
#.#...#.#.#
#.........#
##....#####
#.#.## #.#.#


You could see 3 death yaks, a two-headed ogre, an efreet and a howler monkey
(catching breath).

Vanquished Creatures
  2 two-headed ogres
  A death yak (D:10)
  A deep elf pyromancer (D:10)
  Joseph (D:7)
  A troll (D:9)
  2 hornets
  A shadow (D:9)
  A vampire (D:9)
  2 steam dragons
  Menkaure (D:7)
  2 water moccasins
  2 orc warriors (D:8)
  3 ice beasts
  A black bear (D:4)
  3 sky beasts
  2 ogres
  A centaur (D:9)
  2 kobold brigands
  4 bullfrogs
  A scorpion (D:5)
  7 killer bees
  3 electric eels (D:6)
  9 howler monkeys
  2 jellies
  3 gnoll boudas
  2 orc priests
  2 hounds (D:5)
  3 iguanas (D:5)
  Jessica (D:3)
  3 orc wizards
  A statue (D:6)
  9 adders
  18 gnolls
  4 river rats (D:5)
  A shadow imp (D:5)
  A white imp (D:3)
  2 ufetubi (D:5)
  2 dart slugs
  2 worms (D:2)
  20 orcs
  4 bats
  4 endoplasms
  6 giant cockroaches
  9 goblins
  7 hobgoblins
  15 jackals
  6 quokkas
  4 ball pythons
  4 frilled lizards
  22 kobolds
  8 rats
218 creatures vanquished.

Vanquished Creatures (others)
  2 plants (D:6)
2 creatures vanquished.

Grand Total: 220 creatures vanquished

Notes
Turn   | Place    | Note
-------+----------+-------------------------------------------
     0 | D:1      | qw the Gargoyle Fighter began the quest for the Orb.
     0 | D:1      | Reached XP level 1. HP: 14/14 MP: 1/1
     0 | D:1      | 0 ||| qw: Version: 0.1-a-119-g272c26d
     0 | D:1      | 0 ||| qw: Game counter: 11284
     0 | D:1      | 0 ||| qw: Always use a shield: true
     0 | D:1      | 0 ||| qw: God list: Okawaru
     0 | D:1      | 0 ||| qw: Allow faded altars: false
     0 | D:1      | 0 ||| qw: Do Orc after D:15 true
     0 | D:1      | 0 ||| qw: Do second Lair branch before Depths: true
     0 | D:1      | 0 ||| qw: Lair rune preference: random
     0 | D:1      | 0 ||| qw: Plans: Normal, Zot, God:TSO, Crypt, Tomb, Pan,
                  | Slime, Hells, Zig, Abyss, Orb
     0 | D:1      | 0 ||| PLANNING D:1-11
   246 | D:1      | Reached skill level 2 in Axes
   441 | D:1      | Reached XP level 2. HP: 19/19 MP: 2/2
   498 | D:1      | Found a faded altar of an unknown god.
   676 | D:1      | Found Lousiere's General Store.
   681 | D:1      | 681 ||| BUYING +0 flail (42 gold).
   681 | D:1      | Bought a +0 flail for 42 gold pieces
   681 | D:1      | 681 ||| SHOPLISTING +0 plate armour (276 gold, have 22).
   681 | D:1      | 681 ||| SHOPLISTING +2 helmet of intelligence (258 gold,
                  | have 22).
   681 | D:1      | 681 ||| SHOPLISTING potion of haste (120 gold, have 22).
   681 | D:1      | 681 ||| SHOPLISTING scroll of teleportation (36 gold, have
                  | 22).
   681 | D:1      | 681 ||| DROPPING +0 whip.
   693 | D:1      | Reached skill level 3 in Axes
   739 | D:1      | 739 ||| UPGRADING to +6 ring of strength.
   740 | D:1      | 740 ||| READING scroll labelled MELYMA IBOJAT.
   766 | D:2      | 766 ||| SWAPPING to +3 war axe.
   771 | D:2      | Reached XP level 3. HP: 23/23 MP: 3/3
   771 | D:2      | 771 ||| DROPPING +0 war axe.
   928 | D:2      | 928 ||| Stepping ~*~*~tactically~*~*~ (stealth).
   940 | D:2      | 940 ||| Stepping ~*~*~tactically~*~*~ (stealth).
  1289 | D:2      | Reached XP level 4. HP: 24/28 MP: 4/4
  1350 | D:2      | Reached skill level 4 in Axes
  1561 | D:2      | 1561 ||| UPGRADING to +0 pair of gloves.
  1566 | D:2      | 1566 ||| UPGRADING to +0 helmet.
  1571 | D:2      | 1571 ||| UPGRADING to +4 ring of protection.
  1572 | D:2      | 1572 ||| READING 2 scrolls labelled OBUIMY ASHRI.
  1573 | D:2      | 1573 ||| READING scroll of enchant armour.
  1573 | D:2      | 1573 ||| ENCHANTING +0 pair of gloves.
  1574 | D:2      | 1574 ||| DRINKING 2 glowing black potions.
  1593 | D:3      | 1593 ||| STAIRDANCE
  1644 | D:3      | Noticed Jessica
  1645 | D:3      | 1645 ||| Stepping ~*~*~tactically~*~*~ (hiding).
  1653 | D:3      | 1653 ||| Stepping ~*~*~tactically~*~*~ (hiding).
  1657 | D:3      | Killed Jessica
  1790 | D:3      | Found a bloodstained altar of Trog.
  1816 | D:3      | Reached XP level 5. HP: 31/32 MP: 5/5
  1824 | D:3      | 1824 ||| Stepping ~*~*~tactically~*~*~ (stealth).
  1865 | D:3      | 1865 ||| Stepping ~*~*~tactically~*~*~ (hiding).
  1867 | D:3      | Noticed a +0 dagger
  1867 | D:3      | Noticed a +0 falchion
  1867 | D:3      | Noticed a +0 falchion
  1969 | D:3      | Noticed a +0 spear
  1969 | D:3      | Noticed a +0 dagger
  1970 | D:3      | Noticed a +0 spear
  1970 | D:3      | Noticed a +0 short sword
  1973 | D:3      | Noticed a +0 short sword
  2017 | D:3      | Noticed an angel
  2018 | D:3      | Found a shimmering altar of Xom.
  2027 | D:3      | Found a glowing silver altar of Zin.
  2048 | D:3      | 2048 ||| Stepping ~*~*~tactically~*~*~ (stealth).
  2057 | D:3      | Found an ancient bone altar of Kikubaaqudgha.
  2147 | D:3      | Found a transporter.
  2176 | D:3      | Found a transporter.
  2178 | D:3      | Noticed qw's ghost (amateur GrFi)
  2291 | D:3      | Found a hide-covered altar of Uskayaw.
  2293 | D:3      | 2293 ||| UPGRADING to +0 chain mail.
  2303 | D:3      | 2303 ||| DROPPING +0 scale mail.
  2304 | D:3      | 2304 ||| READING scroll labelled QIYTUR JUKK.
  2305 | D:3      | 2305 ||| READING 3 scrolls labelled XOMNIE JOBUP.
  2308 | D:3      | 2308 ||| READING scroll labelled ATIBBILIOTO.
  2371 | D:4      | Noticed an ice beast
  2381 | D:4      | Killed an ice beast
  2382 | D:4      | Reached skill level 5 in Axes
  2382 | D:4      | Reached XP level 6. HP: 23/37 MP: 6/6
  3074 | D:4      | 3074 ||| Stepping ~*~*~tactically~*~*~ (hiding).
  3124 | D:4      | Reached skill level 6 in Axes
  3370 | D:4      | Noticed a black bear
  3377 | D:4      | Killed a black bear
  3378 | D:4      | Reached skill level 1 in Dodging
  3378 | D:4      | Reached XP level 7. HP: 28/43 MP: 7/7
  3382 | D:4      | HP: 4/43 [ogre/+0 giant spiked club (8)]
  3383 | D:4      | 3383 ||| READING 2 scrolls of teleportation.
  3386 | D:4      | 3386 ||| FLEEEEING.
  3387 | D:4      | 3387 ||| FLEEEEING.
  3388 | D:4      | 3388 ||| FLEEEEING.
  3389 | D:4      | 3389 ||| FLEEEEING.
  3390 | D:4      | 3390 ||| FLEEEEING.
  3391 | D:4      | 3391 ||| FLEEEEING.
  3392 | D:4      | 3392 ||| FLEEEEING.
  3393 | D:4      | 3393 ||| FLEEEEING.
  3394 | D:4      | 3394 ||| FLEEEEING.
  3395 | D:4      | 3395 ||| FLEEEEING.
  3397 | D:4      | 3397 ||| FLEEEEING.
  3398 | D:4      | 3398 ||| FLEEEEING.
  3399 | D:4      | 3399 ||| FLEEEEING.
  3400 | D:4      | 3400 ||| STAIRDANCE
  3660 | D:3      | 3660 ||| READING scroll labelled SEHAOMMECOULU.
  3937 | D:5      | Entered Level 5 of the Dungeon
  3938 | D:5      | 3938 ||| PLANNING SEWER
  3942 | D:5      | 3942 ||| Stepping ~*~*~tactically~*~*~ (stealth).
  4142 | D:5      | Reached skill level 7 in Axes
  4338 | D:5      | Reached XP level 8. HP: 40/49 MP: 8/8
  4349 | D:5      | Reached skill level 1 in Throwing
  4632 | D:5      | 4632 ||| RIP SEWER
  4646 | D:5      | 4646 ||| PLANNING D:1-11
  4900 | D:5      | Reached skill level 8 in Axes
  5083 | D:5      | 5083 ||| DROPPING amulet of faith.
  5084 | D:5      | 5084 ||| DROPPING ring of magical power.
  5085 | D:5      | 5085 ||| READING scroll labelled GIURYQONWA.
  5186 | D:5      | 5186 ||| READING scroll labelled VOJARU FER ANI.
  5187 | D:5      | 5187 ||| DRINKING 2 golden potions.
  5188 | D:5      | 5188 ||| READING 3 scrolls of identify.
  5188 | D:5      | 5188 ||| IDENTIFYING fizzy inky potion
  5189 | D:5      | 5189 ||| READING 2 scrolls of identify.
  5189 | D:5      | 5189 ||| IDENTIFYING coppery potion
  5190 | D:5      | 5190 ||| DROPPING potion of flight.
  5228 | D:6      | 5228 ||| STAIRDANCE
  5288 | D:6      | 5288 ||| Stepping ~*~*~tactically~*~*~ (stealth).
  5296 | D:6      | 5296 ||| Stepping ~*~*~tactically~*~*~ (stealth).
  5297 | D:6      | 5297 ||| Stepping ~*~*~tactically~*~*~ (stealth).
  5437 | D:6      | Reached skill level 6 in Fighting
  5437 | D:6      | 5437 ||| Stepping ~*~*~tactically~*~*~ (cloud).
  5503 | D:6      | Found a staircase to the Ecumenical Temple.
  5598 | D:6      | 5598 ||| FLEEEEING.
  5708 | D:6      | Found a shimmering blue altar of Sif Muna.
  5708 | D:6      | Found a shadowy altar of Dithmenos.
  5765 | D:6      | Found a radiant altar of Vehumet.
  5920 | D:6      | Found a glowing golden altar of the Shining One.
  5920 | D:6      | Found a sparkling altar of Nemelex Xobeh.
  6034 | D:6      | 6034 ||| FLEEEEING.
  6035 | D:6      | 6035 ||| FLEEEEING.
  6036 | D:6      | 6036 ||| FLEEEEING.
  6206 | D:6      | 6206 ||| UPGRADING to +0 plate armour.
  6216 | D:6      | 6216 ||| DROPPING +0 chain mail.
  6217 | D:6      | 6217 ||| READING scroll labelled ASCHAS CAPNI.
  6218 | D:6      | 6218 ||| READING scroll labelled YHURUE KYLAA.
  6282 | D:6      | 6282 ||| READING 2 scrolls of identify.
  6282 | D:6      | 6282 ||| IDENTIFYING emerald potion
  6314 | D:7      | Reached XP level 9. HP: 56/56 MP: 9/9
  6353 | D:7      | Noticed a hornet
  6363 | D:7      | Killed a hornet
  6387 | D:7      | Reached skill level 9 in Axes
  6432 | D:7      | Noticed Menkaure
  6439 | D:7      | Killed Menkaure
  6595 | D:7      | Noticed Joseph
  6596 | D:7      | 6596 ||| Stepping ~*~*~tactically~*~*~ (stealth).
  6598 | D:7      | 6598 ||| Stepping ~*~*~tactically~*~*~ (hiding).
  6615 | D:7      | Killed Joseph
  6626 | D:7      | 6626 ||| Stepping ~*~*~tactically~*~*~ (stealth).
  6801 | D:7      | Reached skill level 6 in Armour
  7070 | D:7      | 7070 ||| READING scroll labelled GIPYH LAMYZYPT.
  7071 | D:7      | 7071 ||| READING 3 scrolls of identify.
  7071 | D:7      | 7071 ||| IDENTIFYING lumpy pink potion
  7072 | D:7      | 7072 ||| DROPPING potion of ambrosia.
  7502 | D:8      | 7502 ||| Stepping ~*~*~tactically~*~*~ (stealth).
  7506 | D:8      | 7506 ||| Stepping ~*~*~tactically~*~*~ (stealth).
  7513 | D:8      | 7513 ||| Stepping ~*~*~tactically~*~*~ (stealth).
  7514 | D:8      | 7514 ||| Stepping ~*~*~tactically~*~*~ (stealth).
  7601 | D:8      | 7601 ||| FLEEEEING.
  7602 | D:8      | 7602 ||| FLEEEEING.
  7603 | D:8      | 7603 ||| FLEEEEING.
  7604 | D:8      | 7604 ||| FLEEEEING.
  7605 | D:8      | 7605 ||| FLEEEEING.
  7606 | D:8      | 7606 ||| FLEEEEING.
  7607 | D:8      | 7607 ||| FLEEEEING.
  7608 | D:8      | 7608 ||| FLEEEEING.
  7609 | D:8      | 7609 ||| FLEEEEING.
  7610 | D:8      | 7610 ||| FLEEEEING.
  7611 | D:8      | 7611 ||| FLEEEEING.
  7612 | D:8      | 7612 ||| FLEEEEING.
  7613 | D:8      | 7613 ||| FLEEEEING.
  7614 | D:8      | 7614 ||| FLEEEEING.
  7615 | D:8      | 7615 ||| FLEEEEING.
  7670 | D:8      | Found an opulent altar of Gozag.
  7953 | D:8      | Reached skill level 10 in Axes
  7953 | D:8      | Reached XP level 10. HP: 64/64 MP: 10/10
  8359 | D:8      | 8359 ||| DROPPING ring of positive energy.
  8360 | D:8      | 8360 ||| UPGRADING to +4 ring of evasion.
  8362 | D:8      | 8362 ||| DROPPING +6 ring of strength.
  8363 | D:8      | 8363 ||| READING scroll labelled CAZ OPPESMEU.
  8364 | D:8      | 8364 ||| READING 3 scrolls of identify.
  8364 | D:8      | 8364 ||| IDENTIFYING fuming orange potion
  8365 | D:8      | 8365 ||| READING 2 scrolls of identify.
  8365 | D:8      | 8365 ||| IDENTIFYING fuming coppery potion
  8366 | D:8      | 8366 ||| DROPPING potion of berserk rage.
  8526 | D:9      | 8526 ||| Stepping ~*~*~tactically~*~*~ (stealth).
  8619 | D:9      | 8619 ||| READING scroll of enchant weapon.
  8619 | D:9      | 8619 ||| ENCHANTING +4 war axe.
  8685 | D:9      | Found a broken altar of Ashenzari.
  8978 | D:9      | Noticed a two-headed ogre
  8988 | D:9      | Killed a two-headed ogre
  8989 | D:9      | Reached skill level 11 in Axes
  9004 | D:9      | 9004 ||| Stepping ~*~*~tactically~*~*~ (stealth).
  9179 | D:9      | 9179 ||| Stepping ~*~*~tactically~*~*~ (hiding).
  9250 | D:9      | 9250 ||| DRINKING 2 sedimented green potions.
  9251 | D:9      | 9251 ||| READING 2 scrolls of identify.
  9251 | D:9      | 9251 ||| IDENTIFYING yellow potion
  9291 | D:10     | Entered Level 10 of the Dungeon
  9292 | D:10     | Noticed a death yak
  9296 | D:10     | Noticed a death yak
  9297 | D:10     | Noticed a death yak
  9298 | D:10     | Noticed a death yak
  9299 | D:10     | 9299 ||| Stepping ~*~*~tactically~*~*~ (stealth).
  9302 | D:10     | 9302 ||| STAIRDANCE
  9308 | D:9      | HP: 7/64 [death yak (18)]
  9309 | D:9      | 9309 ||| READING 4 scrolls of teleportation.
  9309 | D:9      | HP: 2/64 [death yak (5)]
  9310 | D:9      | 9310 ||| DRINKING potion of heal wounds.
  9549 | D:10     | 9549 ||| Stepping ~*~*~tactically~*~*~ (stealth).
  9549 | D:10     | Noticed a deep elf pyromancer
  9560 | D:10     | Killed a deep elf pyromancer
  9561 | D:10     | Reached skill level 9 in Fighting
  9573 | D:10     | Noticed a two-headed ogre
  9574 | D:10     | 9574 ||| FLEEEEING.
  9575 | D:10     | 9575 ||| FLEEEEING.
  9576 | D:10     | 9576 ||| FLEEEEING.
  9578 | D:10     | 9578 ||| STAIRDANCE
  9705 | D:10     | Killed a two-headed ogre
  9706 | D:10     | Reached XP level 11. HP: 36/71 MP: 11/11
  9878 | D:10     | Found a staircase to the Lair.
  9880 | D:10     | 9880 ||| Stepping ~*~*~tactically~*~*~ (stealth).
  9881 | D:10     | Noticed a two-headed ogre
  9881 | D:10     | Noticed a death yak
  9889 | D:10     | 9889 ||| Stepping ~*~*~tactically~*~*~ (stealth).
  9890 | D:10     | 9890 ||| Stepping ~*~*~tactically~*~*~ (stealth).
  9898 | D:10     | Killed a death yak
  9898 | D:10     | HP: 5/71 [two-headed ogre/+0 giant spiked club (15)]
  9899 | D:10     | 9899 ||| READING 3 scrolls of teleportation.
  9899 | D:10     | Mangled by a death yak

Levels and vault maps discovered:
D:1:      dpeg_arrival_three_same_balls, layout_loops_ring,
          hellmonk_ecumenical_altar_arch_garden, serial_shops,
          nicolae_shop_hallway_plus
D:2:      layout_loops_ring
D:3:      layout_rooms, grunt_temple_overflow_order_and_chaos_1,
          trog_hazing_becter, kiku_gazebo_pond_becter,
          nicolae_uskayaw_en_pointe, gammafunk_ghost_mausoleum, uniq_jessica
D:4:      layout_basic
D:5:      layout_gridville, lightli_sewer_entry_pipes
D:6:      layout_cave_pools, minitemple, vehumet_statue,
          nicolae_overflow_two_pavilions, minmay_temple_entry_glassed_door,
          chequers_big_river
D:7:      layout_cave_pools, uniq_menkaure, uniq_joseph
D:8:      layout_loops_corners, general_overflow_altar
D:9:      layout_roguey, ashenzari_altar_1, kennysheep_generic_room_15
D:10:     minmay_thinvault, layout_loops_ring, fedhas_altar_2,
          dpeg_lair_monsters, hellmonk_ghost_happy_afterlife,
          lightli_fourway_metalbox, uniq_snorg

Skill      XL: |  1  2  3  4  5  6  7  8  9 10 |
---------------+-------------------------------+-----
Axes           | 2 3 4 5 6 7 8 10 11 | 11.5
Fighting       | 4 5 6 7 9 |  9.1
Dodging        | 1 |  1.7
Throwing       | 1 |  1.1
Armour         | 4 6 8 |  8.2
Shields        | 4 5 |  5.0

Action                   |  1- 3 |  4- 6 |  7- 9 | 10-12 || total
-------------------------+-------+-------+-------+-------++-------
Melee: War axe           |   106 |   148 |   284 |   161 ||   699
Throw: Boomerang         |       |     8 |    76 |    12 ||    96
  Use: Scroll            |     1 |     5 |    11 |     7 ||    24
       Potion            |       |     1 |     1 |     2 ||     4
Armor: Scale mail        |    36 |    30 |       |       ||    66
       Chain mail        |       |    48 |   142 |       ||   190
       Plate armour      |       |       |    66 |   128 ||   194
Dodge: Dodged            |    47 |    62 |   114 |    84 ||   307
Block: Buckler           |    13 |    21 |    49 |    32 ||   115

Table legend:
 A = Non-vault XP
 B = Vault XP
 C = Vault XP percentage of total XP
 D = Non-vault monster count
 E = Vault monster count
 F = Vault count percentage of total count
                 A         B        C        D         E       F
            +---------+---------+-------+---------+---------+-------
      Total |    7761 |    2446 |  24.0 |     196 |      22 |  10.1
            +---------+---------+-------+---------+---------+-------
        D:1 |      33 |       0 |   0.0 |      18 |       0 |   0.0
        D:2 |      76 |       0 |   0.0 |      28 |       0 |   0.0
        D:3 |      38 |      48 |  55.8 |      16 |       7 |  30.4
        D:4 |     632 |       0 |   0.0 |      32 |       0 |   0.0
        D:5 |     796 |      70 |   8.1 |      24 |       9 |  27.3
        D:6 |     612 |      32 |   5.0 |      13 |       1 |   7.1
        D:7 |    1108 |     606 |  35.4 |      18 |       2 |  10.0
        D:8 |    1451 |       0 |   0.0 |      23 |       0 |   0.0
        D:9 |    2275 |      37 |   1.6 |      19 |       1 |   5.0
       D:10 |     740 |    1653 |  69.1 |       5 |       2 |  28.6
            +---------+---------+-------+---------+---------+-------
